 Dungeon Crawl Stone Soup version 0.21-a0-401-g0b6bec4 (webtiles) character file.

18 tidbits the Charmwright (level 2, 1/26 HPs)
             Began as a Gnoll Skald on Oct 21, 2017.
             Quit the game on level 2 of the Dungeon.
             The game lasted 00:03:03 (292 turns).

tidbits the Charmwright (Gnoll Skald)                Turns: 292, Time: 00:03:04

Health: 1/26       AC:  3    Str: 13    XL:     2   Next: 70%
Magic:  6/7        EV: 14    Int: 15    God:
Gold:   43         SH:  0    Dex: 14    Spells: 5/10 levels left

rFire    . . .     SeeInvis +   i - +2 mace (drain)
rCold    . . .     Gourm    .   (no shield)
rNeg     . . .     Faith    .   k - +0 leather armour
rPois    .         Spirit   .   (no helmet)
rElec    .         Reflect  .   (no cloak)
rCorr    .         Harm     .   (no gloves)
MR       .....                  (no boots)
Stlth    +.........             (no amulet)
HPRegen  0.08/turn              j - ring of see invisible
MPRegen  0.10/turn              (no ring)

@: lethally poisoned (1 -> -2), infused
A: distributed training, fangs 1, strong nose
a: no special abilities


You were on level 2 of the Dungeon.
You were full.

You visited 1 branch of the dungeon, and saw 2 of its levels.

You collected 43 gold pieces.

Inventory:

Hand Weapons
 a - a +0 hand axe
 b - a +0 hunting sling
 i - a +2 mace of draining (weapon)
   (You found it on level 1 of the Dungeon)
Missiles
 e - 2 javelins (quivered)
 l - 16 stones
Armour
 k - a +0 leather armour (worn)
Jewellery
 j - a ring of see invisible (left hand)
   (You found it on level 1 of the Dungeon)
Scrolls
 f - 3 scrolls of identify {unknown}
 g - a scroll of fog {unknown}
 h - 2 scrolls of teleportation {unknown}
Books
 c - a book of Battle

   Spells                             Type                      Level
   a - Infusion                       Charms                       1
   b - Shroud of Golubria             Charms/Translocation         2
   c - Song of Slaying                Charms                       2
   d - Spectral Weapon                Hexes/Charms                 3
   e - Regeneration                   Charms/Necromancy            3
Comestibles
 d - 2 bread rations


   Skills:
 + Level 4.5 Fighting
 + Level 0.5 Short Blades
 + Level 0.5 Long Blades
 + Level 4.5 Axes
 + Level 0.5 Maces & Flails
 + Level 0.5 Polearms
 + Level 0.5 Staves
 + Level 0.5 Slings
 + Level 0.5 Bows
 + Level 0.5 Crossbows
 + Level 0.5 Throwing
 + Level 2.5 Armour
 + Level 4.5 Dodging
 + Level 0.5 Stealth
 + Level 0.5 Shields
 + Level 0.5 Unarmed Combat
 + Level 4.9 Spellcasting
 + Level 0.3 Conjurations
 + Level 0.3 Hexes
 + Level 5.3 Charms
 + Level 0.3 Summonings
 + Level 0.3 Necromancy
 + Level 0.3 Translocations
 + Level 0.3 Transmutations
 + Level 0.3 Fire Magic
 + Level 0.3 Ice Magic
 + Level 0.3 Air Magic
 + Level 0.3 Earth Magic
 + Level 0.3 Poison Magic
 + Level 0.6 Invocations
 + Level 0.5 Evocations


You had 5 spell levels left.
You knew the following spells:

 Your Spells              Type           Power        Failure   Level  Hunger
g - Shroud of Golubria    Chrm/Tloc      ##........   10%         2    ##.....
i - Infusion              Chrm           ###.         2%          1    None
y - Song of Slaying       Chrm           ###.....     3%          2    ##.....


Dungeon Overview and Level Annotations

Branches:
Dungeon (2/15)

Altars:

Annotations:
D:2 Robin


Innate Abilities, Weirdness & Mutations

Your experience applies equally to all skills.
You have very sharp teeth.
Your uncanny sense of smell can sniff out nearby items.


Message History

Press: ? - help, Shift-Dir - straight line, f/p - bat
Aim: a bat You shoot a stone.
The stone hits the bat but does no damage.
The bat misses you.
Firing (i - inventory. (,) - cycle):
l - 20 stones (quivered)
Press: ? - help, Shift-Dir - straight line, f/p - bat
Aim: a bat You shoot a stone.
The stone hits the bat.
The bat is moderately wounded.
The bat hits you but does no damage. x2
Firing (i - inventory. (,) - cycle):
l - 19 stones (quivered)
Press: ? - help, Shift-Dir - straight line, f/p - bat
Aim: a bat (moderately wounded)
You shoot a stone. The stone hits the bat.
You kill the bat!
A giant cockroach comes into view.
Found a stone staircase leading down.
A ball python comes into view.
Firing (i - inventory. (,) - cycle):
l - 18 stones (quivered)
Press: ? - help, Shift-Dir - straight line, f - ball python
Aim: a ball python (resting)
You shoot a stone. The stone hits the ball python.
The ball python hisses angrily.
The ball python is moderately wounded.
Firing (i - inventory. (,) - cycle):
l - 17 stones (quivered)
Press: ? - help, Shift-Dir - straight line, f/p - ball python
Aim: a ball python (moderately wounded)
You shoot a stone. The stone hits the ball python.
You kill the ball python!
Found 4 fruits.
Found a robe.
Things that are here:
a stone; a ball python corpse
There is a stone staircase leading down here.
You see here 4 fruits.
You eat one of the 4 fruits.
Mmmm...
Yummy mangosteen.
You eat one of the 3 fruits.
That choko was very bland.
You eat one of the 2 fruits.
That choko was very bland.
Found 9 gold pieces.
Found 2 gold pieces.
You see here 2 gold pieces.
You now have 34 gold pieces (gained 2).
A giant cockroach comes into view.
The giant cockroach barely misses you.
Wield which item (- for none, * to show all)? (? for menu, Esc to quit)
a - a +0 hand axe (weapon)
You hit the giant cockroach. You bite the giant cockroach.
The giant cockroach is severely wounded.
The giant cockroach closely misses you. The giant cockroach bites you.
* * * LOW HITPOINT WARNING * * *
You hit the giant cockroach.
You kill the giant cockroach!
You see here 9 gold pieces.
You now have 43 gold pieces (gained 9).
Unknown command.
There is a stone staircase leading down here.
You climb downwards.
Level annotation: Robin
There is a stone staircase leading up here.
b - a +0 hunting sling (weapon)
You open the door.
Found a stone staircase leading down.
There is an open door here.
A ball python, a rat and a hobgoblin come into view.
The ball python hisses angrily.
The hobgoblin shouts!
You hear an angry hiss.
The rat moves out of view.
An adder comes into view.
Wield which item (- for none, * to show all)? (? for menu, Esc to quit)
You sense an unholy aura.
i - a +2 mace of draining (weapon)
The adder moves out of view.
Casting: Infusion
Confirm with . or Enter, or press ? or * to list all spells.
You begin infusing your attacks with magical energy.
There is an open door here.
You completely miss the adder. The adder closely misses you.
The adder bites you.
* * * LOW HITPOINT WARNING * * *
You hit the adder.
The adder is heavily wounded.
The adder closely misses you. The adder bites you.
* * * LOW HITPOINT WARNING * * *
You are poisoned.
The adder poisons you!
You closely miss the adder.
The adder is heavily wounded.
You feel sick. The adder barely misses you.
The adder bites you but does no damage.
You closely miss the adder.
The adder is heavily wounded.
The adder bites you.
* * * LOW HITPOINT WARNING * * *
You miss the adder.
The adder is heavily wounded.
* * * LOW HITPOINT WARNING * * *
You feel sick. The adder barely misses you.
The adder bites you but does no damage.
You aren't carrying any potions.
Are you sure you want to abandon this character and quit the game? (Confirm with "yes".)

∆ ...##...#
......# ∆∆
#...#
##..<## ∆
#.....#
##....#
##.### #.#
#@# ##S###
##gSr.#.###
#.........#
#..###.###.#
#... ...
+... ...#
#... .>...
##.. ...#.#


You could see an adder, a hobgoblin, a ball python and a rat.

Vanquished Creatures
  A leopard gecko (D:1)
  2 giant cockroaches (D:1)
  A hobgoblin (D:1)
  A ball python (D:1)
  3 bats (D:1)
  5 goblins
  3 kobolds (D:1)
  A rat (D:1)
17 creatures vanquished.

Notes
Turn   | Place    | Note
-------+----------+-------------------------------------------
     0 | D:1      | tidbits the Gnoll Skald began the quest for the Orb.
     0 | D:1      | Reached XP level 1. HP: 20/20 MP: 6/6
   145 | D:1      | Reached XP level 2. HP: 26/26 MP: 4/7
   149 | D:1      | Learned a level 2 spell: Song of Slaying
   152 | D:1      | Learned a level 2 spell: Shroud of Golubria
   158 | D:2      | Noticed Robin
   290 | D:2      | HP: 2/26 [adder (5)]
   292 | D:2      | Quit the game

Vault maps used:
D:1:      mrwooster_arrival_statue_3
D:2:      chequers_ecumenical_altar_twisty, eino_curves_02, st_stairs_3,
          uniq_robin, uniq_crazy_yiuf_cottage, uniq_sigmund, uniq_jessica

Action                   || total
-------------------------++-------
Melee: Hand axe          ||    30
       Bite              ||     5
       Mace              ||     5
       Punch             ||     1
 Fire: Hunting sling     ||     7
 Cast: Infusion          ||     4
  Eat: Fruit             ||     3
Armor: Leather armour    ||    13
Dodge: Dodged            ||    29

Table legend:
 A = Spawn XP
 B = Non-spawn XP
 C = Spawn XP percentage of total XP
 D = Spawn monster count
 E = Non-spawn monster count
 F = Spawn count percentage of total count
 G = Total turns spent on level
                    A         B        C        D         E        F      G
               +---------+---------+-------+---------+---------+-------+---------
         Total |       0 |      27 |   0.0 |       0 |      17 |   0.0 |   292
               +---------+---------+-------+---------+---------+-------+---------
           D:1 |       0 |      26 |   0.0 |       0 |      16 |   0.0 |   266
           D:2 |       0 |       1 |   0.0 |       0 |       1 |   0.0 |    26
               +---------+---------+-------+---------+---------+-------+---------

Table legend:
 A = Turns spent in this place as a percentage of turns spent in the entire game.
 B = Non-inter-level travel turns spent in this place as a percentage of non-inter-level travel turns spent in the entire game.
 C = Inter-level travel turns spent in this place as a percentage of turns spent in this place.
 D = Turns resting spent in this place as a percentage of non-inter-level travel turns spent in this place.
 E = Turns spent auto-exploring this place as a percentage of non-inter-level travel turns spent in this place.
 F = Non-inter-level travel turns spent in this place divided by the number of levels of this place that you've seen.
                   A       B       C       D       E      F
               +-------+-------+-------+-------+-------+----------------------
         Total | 100.0 | 100.0 |   3.4 |   0.0 |   0.0 | 141.0
       Dungeon | 100.0 | 100.0 |   3.4 |   0.0 |   0.0 | 141.0
               +-------+-------+-------+-------+-------+----------------------

Table legend:
 A = Kills in this place as a percentage of kills in entire the game.
 B = Kills by you in this place as a percentage of kills by you in the entire game.
 C = Kills by friends in this place as a percentage of kills by friends in the entire game.
 D = Other kills in this place as a percentage of other kills in the entire game.
 E = Experience gained in this place as a percentage of experience gained in the entire game.
 F = Experience gained in this place divided by the number of levels of this place that you have seen.
                   A       B       C       D       E      F
               +-------+-------+-------+-------+-------+----------------------
         Total | 100.0 | 100.0 |   N/A |   N/A | 100.0 |  13.5
       Dungeon | 100.0 | 100.0 |   N/A |   N/A | 100.0 |  13.5
               +-------+-------+-------+-------+-------+----------------------

Vault maps used:
D:1:      mrwooster_arrival_statue_3
D:2:      chequers_ecumenical_altar_twisty, eino_curves_02, st_stairs_3,
          uniq_robin, uniq_crazy_yiuf_cottage, uniq_sigmund, uniq_jessica
